cohdb
Replays
Latest Replays
All Replays
Popular Replays
Top Player Replays
Match Explorer
How It Works
Community
CoH3 Stats
Reddit
Sign in to upload your games and track your stats! →
Sign in with Steam
Match 37729983
Unlisted
Match 37729983
Overview
Messages
Build Orders
End
Pioneer Squad
Construct Infanterie Kompanie
Grenadier Squad
Grenadier Squad
GrW 34 Mortar Team
MG 42 Machine Gun Team
Medical Station
Construct Panzergrenadier Kompanie
251 Medium Carrier
Pak 40 Anti-tank Gun Team
Infanterie Officer Quarters
Construct Panzer Kompanie
Selects Mechanized Battlegroup
Selects Mobile Repair Stations
Selects Raid Package
Stoßtruppen Squad
Selects 8 Rad Armored Car
Selects UNKNOWN (2160084)
Panther Heavy Tank
Panzer Officer Quarters
251 Medium Carrier
Panzergrenadier Officer Quarters
Selects Wespe Self-propelled Artillery
Wespe Self-propelled Artillery
Selects Mechanized Assault
8 Rad Armored Car
Kettenkrad Recon Vehicle
Mechanized Assault
Alloyzy Klex
SEPH
STALKER4732
kit.ohume
0
0
Comments
sign in to comment!
No comments posted yet!